 Dungeon Crawl Stone Soup version 0.30-a0-718-geaa24f58ff (webtiles) character file.

Game seed: 9435296594789500293

74 degerharde the Digger (level 4, -3/24 HPs)
             Began as a Gargoyle Earth Elementalist on Jan 25, 2023.
             Slain by an iguana (5 damage)
             ... on level 4 of the Dungeon.
             The game lasted 00:03:06 (1797 turns).

degerharde the Digger (Gargoyle Earth Elementalist) Turns: 1797, Time: 00:03:06

Health: -3/24      AC:  7    Str: 12    XL:     4   Next: 28%
Magic:  4/8        EV: 11    Int: 17    God:
Gold:   80         SH:  0    Dex: 10    Spells: 7/8 levels left

rFire   . . .      SeeInvis .    h - +2 dagger (protect)
rCold   . . .      Faith    .    (no shield)
rNeg    + . .      Spirit   .    a - +0 robe
rPois   ∞          Reflect  .    (no helmet)
rElec   +          Harm     .    (no cloak)
rCorr   .          Rampage  .    k - +0 pair of gloves
Will    .....                    q - +0 pair of boots
Stlth   ++                       (no amulet)
HPRegen 0.24/turn                (no ring)
MPRegen 0.11/turn                (no ring)

@: no status effects
A: sickness immunity, AC +3, negative energy resistance 1, electricity
resistance, torment resistance 1, petrification resistance
a: no special abilities


You were on level 4 of the Dungeon.
You visited 1 branch of the dungeon, and saw 4 of its levels.

You collected 80 gold pieces.

Inventory:

Hand Weapons
 h - a +2 dagger of protection (weapon)
Armour
 a - a +0 robe (worn)
 k - a +0 pair of gloves (worn)
 q - a +0 pair of boots (worn)
Jewellery
 n - an amulet of magic regeneration
Wands
 j - a wand of flame (25)
Scrolls
 c - a scroll of amnesia {unknown}
 e - a scroll of magic mapping {unknown}
 g - 2 scrolls of vulnerability {unknown}
 i - a scroll of noise {unknown}
 l - a scroll of immolation {unknown}
 o - a scroll of teleportation {unknown}
 p - a scroll of enchant armour {unknown}
Potions
 b - a potion of magic
 d - 4 potions of heal wounds {unknown}
 f - a potion of curing {unknown}
 m - 2 potions of attraction {unknown}


   Skills:
 - Level 1.5 Dodging
 - Level 2.1 Stealth
 + Level 2.8 Spellcasting
 + Level 1.9 Transmutations
 + Level 4.5 Earth Magic


You had 7 spell levels left.
You knew the following spells:

 Your Spells              Type           Power      Damage    Failure   Level
a - Sandblast             Erth           34%        2d9       2%          1

Your spell library contained the following spells:

 Spells                   Type           Power      Damage    Failure   Level
 Passwall                 Tmut/Erth      10%        N/A       7%          2
 Stone Arrow              Conj/Erth      20%        3d8       22%         3
 Petrify                  Tmut/Erth      13%        N/A       43%         4
 Hailstorm                Conj/Ice       2%         3d3       47%         3
 Ice Form                 Ice/Tmut       5%         N/A       75%         4
 Simulacrum               Ice/Necr       1%         N/A       100%        6


Dungeon Overview and Level Annotations

Branches:
Dungeon (4/15)
 Temple: D:4-7

Altars:
Trog


Innate Abilities, Weirdness & Mutations

You are immune to sickness and miasma.
Your stone body is resilient. (AC +3)
You are immune to poison.
You resist negative energy. (rN+)
You are resistant to electric shocks. (rElec)
You are resistant to unholy torment.
You are immune to petrification.


Message History

You bump into the rock wall.
You feel less confused.
The orc wizard gestures wildly while chanting.
The orc wizard flickers and vanishes!
Deactivating autopickup; reactivate with Ctrl-A.
There is a stone staircase leading down here.
You are confused.
You climb downwards.
Reactivating autopickup.
There is a stone staircase leading up here.
An iguana is nearby!
The iguana hisses angrily.
The iguana bites you.
You're too confused to cast spells.
You're too confused to cast spells.
You bump into the rock wall.
The iguana barely misses you.
You feel less confused.
The blast of sand misses the iguana.
The iguana bites you!
* * * LOW HITPOINT WARNING * * *
You are too injured to fight recklessly!
Aiming: Sandblast (safe; 2% risk of failure)
Press: ? - help, Q - select action, (/) - cycle Shift-Dir - straight line, f/p - iguana
Aim: an iguana (84% to hit)
The blast of sand hits the iguana but does no damage.
The iguana barely misses you. The iguana bites you.
* * * LOW HITPOINT WARNING * * *
Aiming: Sandblast (safe; 2% risk of failure)
Press: ? - help, Q - select action, (/) - cycle Shift-Dir - straight line, f/p - iguana
Aim: an iguana (84% to hit)
The blast of sand hits the iguana.
The iguana is moderately wounded.
The iguana bites you.
* * * LOW HITPOINT WARNING * * *
Aiming: Sandblast (safe; 2% risk of failure)
Press: ? - help, Q - select action, (/) - cycle Shift-Dir - straight line, f/p - iguana
Aim: an iguana (moderately wounded, 84% to hit)
The blast of sand hits the iguana.
The iguana is heavily wounded.
The iguana barely misses you. The iguana bites you.
You die...

## .## .. .#
# ##.#
#.#<#####
#.#.....#
...##..l....#
#.....@...##
##........#
##...#...#
#... #..#
#### ##.# .#
. .


You could see an iguana.

Vanquished Creatures
  3 adders
  2 orcs (D:3)
  3 ball pythons
  4 bats
  3 endoplasms
  3 giant cockroaches
  9 goblins
  2 hobgoblins
  6 kobolds
  2 frilled lizards
  3 rats (D:1)
40 creatures vanquished.

Notes
Turn   | Place    | Note
-------+----------+-------------------------------------------
     0 | D:1      | degerharde the Gargoyle Earth Elementalist began the quest
                  | for the Orb.
     0 | D:1      | Reached XP level 1. HP: 10/10 MP: 3/3
   149 | D:1      | Reached skill level 1 in Transmutations
   300 | D:1      | Reached XP level 2. HP: 15/15 MP: 1/5
   512 | D:1      | Reached skill level 4 in Earth Magic
   843 | D:2      | Reached XP level 3. HP: 19/19 MP: 4/6
  1439 | D:2      | Reached XP level 4. HP: 24/24 MP: 2/8
  1613 | D:3      | Found a bloodstained altar of Trog.
  1796 | D:4      | HP: 1/24 [iguana (2)]
  1797 | D:4      | Slain by an iguana

Illustrated notes

Levels and vault maps discovered:
D:1:      ncdulo_smallfort, layout_loops_ring
D:2:      layout_loops_ring
D:3:      layout_basic, jmf_multi_god_temple, nicolae_overflow_crystal_walls,
          uniq_sigmund
D:4:      wad_crossroads, layout_basic, uniq_crazy_yiuf_cottage

Skill      XL: |  1  2 |
---------------+-------+-----
Transmutations | 1 |  1.9
Earth Magic    | 4 |  4.5
Dodging        | |  1.5
Stealth        | |  2.1
Spellcasting   | |  2.8

Action                     |  1- 3 |  4- 6 || total
---------------------------+-------+-------++-------
   Cast: Sandblast         |    44 |    13 ||    57
 Armour: Robe              |     6 |     1 ||     7
  Dodge: Dodged            |     6 |     6 ||    12

Table legend: (Time is in decaauts)
 A = Elapsed time spent in this place.
 B = Non-inter-level travel time spent in this place.
 C = Inter-level travel time spent in this place.
 D = Time resting spent in this place.
 E = Time spent auto-exploring this place.
 F = Levels seen in this place.
 G = Mean time per level.
                   A        B        C        D        E       F      G
               +--------+--------+--------+--------+--------+-----+--------+
         Total |   1822 |   1796 |     26 |      0 |   1539 |   4 |  455.5 |
       Dungeon |   1822 |   1796 |     26 |      0 |   1539 |   4 |  455.5 |
               +--------+--------+--------+--------+--------+-----+--------+

Top non-repeatable levels by time:
     D:1: 813 daAuts
     D:2: 806 daAuts
     D:3: 192 daAuts
     D:4: 10 daAuts
